 Dungeon Crawl Stone Soup version 0.28.0-43-g3370ac3207 (webtiles) character file.

Game seed: 11374095468354896316

102 crimpus the Cudgeller (level 4, -4/29 HPs)
             Began as a Gargoyle Berserker on Mar 13, 2022.
             Was a Believer of Trog.
             Slain by an orc priest
             ... wielding a +0 flail
              (5 damage)
             ... on level 4 of the Dungeon.
             The game lasted 00:03:00 (3343 turns).

crimpus the Cudgeller (Gargoyle Berserker)          Turns: 3343, Time: 00:03:01

Health: -4/29      AC:  5    Str: 22    XL:     4   Next: 78%
Magic:  4/4        EV: 10    Int:  8    God:    Trog [**....]
Gold:   103        SH:  6    Dex:  9    Spells: 3/3 levels left

rFire   . . .      SeeInvis .   a - +0 mace
rCold   . . .      Faith    .   j - +0 kite shield
rNeg    + . .      Spirit   .   b - +0 animal skin
rPois   ∞          Reflect  .   (no helmet)
rElec   +          Harm     .   (no cloak)
rCorr   .          Rampage  .   (no gloves)
Will    ++...                   (no boots)
Stlth   +.........              (no amulet)
HPRegen 1.09/turn               (no ring)
MPRegen 0.09/turn               (no ring)

@: strong-willed, regenerating
A: sickness immunity, AC +3, negative energy resistance 1, electricity
resistance, torment resistance 1, petrification resistance
a: Renounce Religion, Berserk, Trog's Hand


You were on level 4 of the Dungeon.
You worshipped Trog.
Trog was pleased with you.
You visited 1 branch of the dungeon, and saw 4 of its levels.

You collected 202 gold pieces.
You spent 99 gold pieces at shops.

Inventory:

Hand Weapons
 a - a +0 mace (weapon)
Armour
 b - a +0 animal skin (worn)
 j - a +0 kite shield (worn)
Scrolls
 c - a scroll of identify {unknown}
 f - a scroll of acquirement {unknown}
 h - 2 scrolls of vulnerability {unknown}
Potions
 d - a potion of attraction {unknown}
 e - 2 potions of lignification {unknown}
 g - 2 potions of curing {unknown}
 i - a potion of flight {unknown}


   Skills:
 + Level 4.0 Fighting
 + Level 4.2 Maces & Flails
 + Level 2.3 Armour
 + Level 2.1 Dodging
 + Level 1.4 Stealth


You had 3 spell levels left.
You didn't know any spells.
Your spell library was empty.

Dungeon Overview and Level Annotations

Branches:
Dungeon (4/15)
 Temple: D:4-7

Altars:
Kikubaaqudgha
Nemelex Xobeh
Qazlal
Xom

Shops:
D:2 [   D:4 *


Innate Abilities, Weirdness & Mutations

You are immune to sickness and miasma.
Your stone body is resilient. (AC +3)
You are immune to poison.
You resist negative energy. (rN+)
You are resistant to electric shocks. (rElec)
You are resistant to unholy torment.
You are immune to petrification.


Message History

No target in view!
No target in view!
No target in view!
No target in view!
No target in view!
No target in view!
HP restored.
Found a spear.
h - 2 scrolls labelled OZOBBO WUQOU (gained 1)
There is an entrance to Fomiugis's Assorted Antiques here. 2 orcs come into view.
There are monsters nearby!
An orc priest comes into view. It is wielding a +0 short sword.
An orc priest and an orc come into view.
The orc shouts!
The orc priest shouts! x2; The orc shouts!
You hit the orc.
The orc is lightly wounded.
You sock the orc!
You kill the orc!
Trog accepts your kill. The orc hits you with a +0 flail.
You closely miss the orc priest. The orc barely misses you.
The orc priest hits you with a +0 flail.
The orc priest looks satisfied for a moment.
You hit the orc priest but do no damage.
You block the orc's attack.
The orc priest invokes the aid of Beogh against you.
Beogh smites you!
* * * LOW HITPOINT WARNING * * *
The orc priest invokes the aid of Beogh against you.
Pain shoots through your body!
* * * LOW HITPOINT WARNING * * *
Your skin crawls.
You feel strong-willed. The orc hits you with a +0 flail.
* * * LOW HITPOINT WARNING * * *
The orc hits you with a +0 club.
* * * LOW HITPOINT WARNING * * *
The orc priest hits you with a +0 flail.
You die...

................≈§§.
#...........# #.≈§≈≈
..##<......# ##..§.
....###<..# ##...#
........#####..)##
...........∩.....#######
.....##................#
.................o......
..........##....@o......
........####.....o......
.......## #....o.......
......# #....!.......
.....# #............
...# ###..........
##......... ##.......#


You could see 2 orc priests and 2 orcs.

Vanquished Creatures
  3 adders
  An adder skeleton (D:4)
  A worm (D:3)
  3 dart slugs
  2 orcs
  5 ball pythons
  3 bats
  7 endoplasms
  6 giant cockroaches
  4 goblins
  A hobgoblin (D:3)
  6 jackals
  2 frilled lizards (D:3)
  5 kobolds
  9 rats
58 creatures vanquished.

Notes
Turn   | Place    | Note
-------+----------+-------------------------------------------
     0 | D:1      | crimpus the Gargoyle Berserker began the quest for the Orb.
     0 | D:1      | Reached XP level 1. HP: 14/14 MP: 1/1
   136 | D:1      | Reached XP level 2. HP: 14/19 MP: 2/2
   803 | D:1      | Reached XP level 3. HP: 23/24 MP: 3/3
  1202 | D:2      | Reached ** piety under Trog
  1209 | D:2      | Reached skill level 1 in Stealth
  1698 | D:2      | Reached XP level 4. HP: 25/29 MP: 4/4
  2164 | D:2      | Found Ifuutwy's Antique Armour Shop.
  2171 | D:2      | Bought a kite shield for 99 gold pieces
  2723 | D:3      | Found a sparkling altar of Nemelex Xobeh.
  2930 | D:3      | Found an ancient bone altar of Kikubaaqudgha.
  3154 | D:3      | Found a stormy altar of Qazlal.
  3154 | D:3      | Found a shimmering altar of Xom.
  3271 | D:4      | Found Fomiugis's Assorted Antiques.
  3343 | D:4      | HP: 1/29 [orc/+0 club (1)]
  3343 | D:4      | Slain by an orc priest

Illustrated notes

Levels and vault maps discovered:
D:1:      dpeg_arrival_round_a, layout_basic
D:2:      layout_loops_ring, serial_shops, shop_statue
D:3:      layout_basic, mainiacjoe_overflow_catwalk,
          gammafunk_temple_overflow_pools, mainiacjoe_overflow_24_doors,
          wander_ebering_terrifying_dragon_lair
D:4:      due_chaos_kobolds, layout_cave_pods,
          mainiacjoe_overflow_concentric_impassable, serial_shops, shop, shop,
          nicolae_shop_behind_doors

Skill      XL: |  1  2  3  4 |
---------------+-------------+-----
Stealth        | 1 |  1.4
Dodging        | 2 |  2.1
Maces & Flails | 4 |  4.2
Fighting       | 4 |  4.0
Armour         | |  2.3

Action                   |  1- 3 |  4- 6 || total
-------------------------+-------+-------++-------
Melee: Mace              |    85 |    63 ||   148
Invok: Berserk           |     1 |       ||     1
       Trog's Hand       |       |     1 ||     1
 Stab: Sleeping          |       |     3 ||     3
Armor: Animal skin       |    41 |    23 ||    64
Dodge: Dodged            |    75 |    28 ||   103
Block: Kite shield       |       |    12 ||    12
